 Dungeon Crawl Stone Soup version 0.20-a0-641-g673355a (webtiles) character file.

94 krabocopter the Skirmisher (level 4, 0/38 HPs)
             Began as a Formicid Fighter on Feb 13, 2017.
             Slain by a gnoll
             ... wielding a +0 whip
              (1 damage)
             ... on level 3 of the Dungeon.
             The game lasted 00:04:14 (1555 turns).

krabocopter the Skirmisher (Formicid Fighter)       Turns: 1555, Time: 00:04:14

Health: 0/38       AC:  8    Str: 29    XL:     4   Next: 94%
Magic:  4/4        EV:  8    Int:  7    God:
Gold:   127        SH: 10    Dex: 11    Spells: 3/3 levels left

rFire    + . .     SeeInvis +   a - +0 long sword
rCold    + . .     Gourm    .   o - +0 scale mail (curse)
rNeg     . . .     Faith    .   c - +0 shield
rPois    +         Spirit   .   (helmet unavailable)
rElec    +         Reflect  .   (no cloak)
rCorr    +         Harm     .   (no gloves)
MR       .....                  e - +0 pair of boots (curse)
Stlth    ..........             (no amulet)
Regen    0.2/turn               (no ring)
MPRegen  0.1/turn               p - +3 ring of strength

@: mighty, resistant
A: permanent stasis, dig shafts and tunnels, four strong arms, antennae 3
a: Dig, Shaft Self


You were on level 3 of the Dungeon.
You were not hungry.

You visited 1 branch of the dungeon, and saw 3 of its levels.

You collected 127 gold pieces.

Inventory:

Hand Weapons
 a - a +0 long sword (weapon)
Armour
 c - a +0 shield (worn)
 e - a cursed +0 pair of boots (worn)
 o - a cursed +0 scale mail (worn)
Jewellery
 p - a +3 ring of strength (left hand)
Scrolls
 b - 2 scrolls of amnesia {unknown}
 j - a scroll of recharging {unknown}
 l - 3 scrolls of identify {unknown}
 n - a scroll of fear {unknown}
 q - a scroll of enchant armour {unknown}
Potions
 i - a potion of flight {unknown}
 k - a potion of curing {unknown}
 r - a potion of heal wounds {unknown}
Comestibles
 f - 2 bread rations
 g - 2 chunks of flesh
 h - 2 meat rations
 m - a royal jelly


   Skills:
 + Level 4.4 Fighting
 * Level 3.8 Long Blades
 - Level 3.2 Armour
 - Level 3.6 Shields


You had 3 spell levels left.
You didn't know any spells.

Dungeon Overview and Level Annotations

Branches:
Dungeon (3/15)

Altars:
Sif Muna
The Shining One


Innate Abilities, Weirdness & Mutations

You cannot be hasted, slowed, berserked, paralysed or teleported.
You can dig through walls and to a lower floor.
Your four strong arms can wield two-handed weapons with a shield.
You have a pair of large antennae on your head. (SInv)


Message History

You feel very mighty all of a sudden. The gnoll hits you with a whip.
* * * LOW HITPOINT WARNING * * *
You take 5 damage, and have 6/38 hp.
Your shield and scale mail prevent you from hitting the gnoll.
The gnoll hits you with a whip.
* * * LOW HITPOINT WARNING * * *
You take 2 damage, and have 4/38 hp.
You slash the gnoll!
You kill the gnoll!
The gnoll hits you with a whip.
* * * LOW HITPOINT WARNING * * *
You take 2 damage, and have 2/38 hp.
You slash the gnoll! The gnoll hits you with a whip.
* * * LOW HITPOINT WARNING * * *
You take 1 damage, and have 1/38 hp.
It was a potion of resistance.
You feel protected. The gnoll hits you with a whip.
You die...

###.######
#######.....#
......[.###<#
.<......# #.#
.######.###.#
##.....###
#..........
##.###.###..
##...##@#
###.....#g#
..)......rK#
..###.....###
.....#...
..####.####
.{ #) .. ...


You could see a gnoll, a kobold and a rat.

Vanquished Creatures
  2 gnolls (D:3)
  An adder (D:2)
  A worm (D:2)
  4 dart slugs
  2 leopard geckos (D:1)
  6 giant cockroaches
  6 goblins
  6 hobgoblins
  5 jackals
  7 bats
  3 frilled lizards (D:1)
  4 kobolds
  7 rats
54 creatures vanquished.

Notes
Turn   | Place    | Note
-------+----------+-------------------------------------------
     0 | D:1      | krabocopter the Formicid Fighter began the quest for the Orb.
     0 | D:1      | Reached XP level 1. HP: 18/18 MP: 1/1
    46 | D:1      | Reached XP level 2. HP: 24/24 MP: 2/2
   319 | D:1      | Reached XP level 3. HP: 23/29 MP: 3/3
   813 | D:2      | Reached skill level 4 in Fighting
   819 | D:2      | Reached XP level 4. HP: 18/37 MP: 4/4
  1062 | D:2      | Found a glowing golden altar of the Shining One.
  1254 | D:2      | Found a deep blue altar of Sif Muna.
  1554 | D:3      | HP: 1/38 [gnoll/whip (2)]
  1555 | D:3      | Slain by a gnoll

Vault maps used:
D:1:      shiori_arrival_oz, minmay_octomino_j4
D:2:      lemuel_coloured_pillars_altar, lemuel_blue_sif_altar

Skill      XL: |  1  2  3 |
---------------+----------+-----
Long Blades    | 3 |  3.8
Fighting       | 4 |  4.4
Armour         | |  3.2
Shields        | |  3.6

Action                   |  1- 3 |  4- 6 || total
-------------------------+-------+-------++-------
Melee: Long sword        |    96 |    55 ||   151
  Use: Potion            |       |     2 ||     2
  Eat: Chunk             |       |     2 ||     2
Armor: Scale mail        |    38 |    17 ||    55
Dodge: Dodged            |    54 |    17 ||    71
Block: Shield            |    51 |    29 ||    80
       Rpst.: Long sword |    22 |     5 ||    27
